 Dungeon Crawl Stone Soup version 0.21.1-1-g345015fe64 (webtiles) character file.

5047 buffbean the Carver (level 10, -14/81 HPs)
             Began as a Minotaur Fighter on June 4, 2018.
             Was a Priest of the Shining One.
             Hit by a large rock thrown by a cyclops (25 damage)
             ... on level 1 of the Orcish Mines.
             The game lasted 01:46:12 (7674 turns).

buffbean the Carver (Minotaur Fighter)              Turns: 7674, Time: 01:46:12

Health: -14/81     AC: 15    Str: 31    XL:     10   Next: 30%
Magic:  18/18      EV:  9    Int:  3    God:    the Shining One [***...]
Gold:   593        SH: 12    Dex: 17    Spells: 9/9 levels left

rFire    . . .     SeeInvis +   P - +1 long sword (elec)
rCold    . . .     Gourm    .   c - +0 shield
rNeg     + . .     Faith    .   E - +3 chain mail {MR+}
rPois    .         Spirit   .   (helmet restricted)
rElec    .         Reflect  .   (no cloak)
rCorr    .         Harm     +   f - +0 pair of gloves
MR       +....                  (no boots)
Stlth    ..........             C - amulet of harm
HPRegen  0.23/turn              L - ring "Qoitteip" {*Drain MP+9 Str+8 Int-2 SInv}
MPRegen  0.16/turn              n - +6 ring of dexterity

@: glowing
A: retaliatory headbutt, horns 2
a: Divine Shield, Renounce Religion


You were on level 1 of the Orcish Mines.
You worshipped the Shining One.
The Shining One was most pleased with you.
You were not hungry.

You visited 2 branches of the dungeon, and saw 10 of its levels.

You collected 593 gold pieces.

Inventory:

Hand Weapons
 e - a +2 battleaxe of flaming
 F - a +2 short sword of venom
 P - a +1 long sword of electrocution (weapon)
Missiles
 t - 3 javelins
 M - 3 silver tomahawks (quivered)
Armour
 c - a +0 shield (worn)
 f - a +0 pair of gloves (worn)
 E - a +3 chain mail of magic resistance (worn)
Jewellery
 b - an uncursed ring of flight {unknown}
 g - an uncursed amulet of magic regeneration
 n - a +6 ring of dexterity (right hand)
 q - an uncursed ring of positive energy
 w - an uncursed ring of protection from fire
 x - a +1 ring of evasion
 y - an uncursed ring of wizardry
 C - an amulet of harm (around neck)
 L - the ring "Qoitteip" (left hand) {*Drain MP+9 Str+8 Int-2 SInv}
   (You took it off an orc wizard on level 7 of the Dungeon)

   [ring of magical power]

   It affects your strength (+8).
   It affects your intelligence (-2).
   It affects your magic capacity (+9).
   It lets you see invisible.
   It causes draining when unequipped.
Wands
 A - a wand of flame (33)
 D - a wand of polymorph (31)
 J - a wand of digging (19)
Scrolls
 k - 2 scrolls of fear
 p - 5 scrolls of teleportation
 H - a scroll of amnesia
Potions
 a - a potion of haste {unknown}
 d - a potion of might
 i - a potion of heal wounds
 m - 2 potions of curing
 o - 2 potions of lignification
 r - a potion of cancellation
 u - 2 potions of ambrosia
 z - 2 potions of brilliance {unknown}
 G - a potion of invisibility {unknown}
Comestibles
 h - 3 chunks of flesh
 j - 11 rations


   Skills:
 * Level 5.2 Fighting
 + Level 9.3(10.7) Short Blades
 * Level 9.6(11.4) Long Blades
 - Level 3.7 Throwing
 + Level 7.8 Armour
 * Level 2.6 Dodging
 + Level 7.8 Shields


You had 9 spell levels left.
You didn't know any spells.

Dungeon Overview and Level Annotations

Branches:
Dungeon (9/15)             Temple (0/1) D:7             Orc (1/2) D:9
   Lair: D:8-11

Altars:
Ashenzari
Fedhas
Hepliaklqana
Kikubaaqudgha
Qazlal
Sif Muna
Uskayaw
Vehumet
Wu Jian
The Shining One


Innate Abilities, Weirdness & Mutations

You reflexively headbutt those who attack you in melee.
You have a pair of horns on your head.


Message History

The cyclops throws a large rock.
The large rock hits you!
Found 22 gold pieces.
Things that are here:
a large rock; 29 gold pieces The cyclops throws a large rock.
The large rock hits you!!
* * * LOW HITPOINT WARNING * * *
You see here a large rock.
You feel much better.
The cyclops throws a large rock.
The large rock hits you.
The cyclops throws a large rock.
The large rock hits you but does no damage.
You see here a large rock.
A troll comes into view.
The troll shouts!
The cyclops throws a large rock.
The large rock hits you!!
* * * LOW HITPOINT WARNING * * *
You see here a large rock.
The cyclops throws a large rock.
The large rock hits you! The Shining One protects you from harm!
The cyclops throws a large rock.
The large rock hits you!!
You die...

##.. ### ..#
#...##.## #.##
###..#...##...## #
##.#.....#.....$#.#
##......[).....$....
#......#)...#....#
##.....#.#)#.....#
#.##.......<)...#
..........@....##
#..........(...# .
#.......#.(....###..
$................C..
#......>...(.....$..
...........((.......
#.....#........$.#..
##..............TC..
#...##....#........


You could see 2 cyclopes and a troll.

Vanquished Creatures
  2 two-headed ogres
  An orc high priest (Orc:1)
  3 orc warriors
  A sky beast (D:6)
  3 ogres
  2 phantoms
  A necrophage (D:6)
  A centaur (D:7)
  2 big kobolds (D:7)
  3 bullfrogs
  A gnoll sergeant (D:9)
  A scorpion (D:4)
  8 wights
  2 howler monkeys
  7 crimson imps
  3 bullfrog zombies
  2 hounds
  10 orc wizards
  5 orc priests
  A jelly (D:5)
  2 centaur skeletons
  3 worker ants
  A worker ant zombie (D:7)
  10 gnolls
  12 adders
  2 adder skeletons
  An adder zombie (D:8)
  3 worms
  2 dart slugs (D:1)
  6 leopard geckos
  46 orcs
  7 giant cockroaches
  7 goblins
  12 hobgoblins
  5 jackals
  19 kobolds
  5 quokkas
  5 bats
  4 frilled lizards
  A jackal zombie (D:7)
  7 rats
219 creatures vanquished.

Notes
Turn   | Place    | Note
-------+----------+-------------------------------------------
     0 | D:1      | buffbean the Minotaur Fighter began the quest for the Orb.
     0 | D:1      | Reached XP level 1. HP: 19/19 MP: 0/0
   404 | D:1      | Reached XP level 2. HP: 27/27 MP: 1/1
  1005 | D:2      | Reached XP level 3. HP: 33/33 MP: 2/2
  1649 | D:2      | Found a hazy altar of Hepliaklqana.
  1989 | D:2      | Found a stormy altar of Qazlal.
  2036 | D:3      | Reached XP level 4. HP: 40/40 MP: 3/3
  2069 | D:3      | Reached skill level 1 in Throwing
  2112 | D:3      | Found a faded altar of an unknown god.
  2120 | D:3      | Reached XP level 5. HP: 46/46 MP: 4/4
  3152 | D:4      | Noticed a phantom
  3185 | D:4      | Killed a phantom
  3185 | D:4      | Reached skill level 5 in Long Blades
  3185 | D:4      | Reached XP level 6. HP: 36/52 MP: 5/5
  3418 | D:4      | Reached skill level 5 in Armour
  3970 | D:5      | Entered Level 5 of the Dungeon
  3970 | D:5      | Found an ornate altar of the Wu Jian Council.
  3974 | D:5      | Reached XP level 7. HP: 60/60 MP: 6/6
  4003 | D:5      | Reached skill level 5 in Shields
  4049 | D:5      | Found a deep blue altar of Sif Muna.
  4598 | D:6      | Found a glowing golden altar of the Shining One.
  4602 | D:6      | Became a worshipper of the Shining One
  4633 | D:6      | Found a hide-covered altar of Uskayaw.
  4643 | D:6      | Reached skill level 1 in Short Blades
  4735 | D:6      | Reached XP level 8. HP: 64/67 MP: 7/7
  4789 | D:6      | Found an ancient bone altar of Kikubaaqudgha.
  4896 | D:6      | Found a blossoming altar of Fedhas.
  5022 | D:6      | Found a shattered altar of Ashenzari.
  5361 | D:7      | Found a staircase to the Ecumenical Temple.
  5450 | D:7      | Found a radiant altar of Vehumet.
  5456 | D:7      | Reached * piety under the Shining One
  5542 | D:7      | Got a fine granite ring
  5600 | D:7      | Identified the ring "Qoitteip" {*Drain MP+9 Str+8 Int-2 SInv} (You took it off an orc wizard on level 7 of the Dungeon)
  5765 | D:7      | Reached skill level 5 in Short Blades
  6011 | D:8      | Noticed a two-headed ogre
  6029 | D:8      | Reached XP level 9. HP: 31/72 MP: 8/8
  6384 | D:7      | Killed a two-headed ogre
  6483 | D:8      | Reached ** piety under the Shining One
  6683 | D:8      | Noticed a two-headed ogre
  6687 | D:8      | Killed a two-headed ogre
  6687 | D:8      | Reached skill level 1 in Dodging
  7289 | D:9      | Reached XP level 10. HP: 80/80 MP: 9/9
  7353 | D:9      | Found a staircase to the Orcish Mines.
  7373 | Orc:1    | Entered Level 1 of the Orcish Mines
  7373 | Orc:1    | Noticed an orc high priest
  7640 | Orc:1    | Killed an orc high priest
  7640 | Orc:1    | Reached skill level 5 in Fighting
  7667 | Orc:1    | Noticed a cyclops
  7668 | Orc:1    | Noticed a cyclops
  7668 | Orc:1    | Reached *** piety under the Shining One
  7674 | Orc:1    | The Shining One protects you from harm!
  7674 | Orc:1    | Hit by a large rock thrown by a cyclops

Skill      XL: |  1  2  3  4  5  6  7  8  9 10 |
---------------+-------------------------------+-----
Armour         | 4 5 6 7 |  7.8
Shields        | 4 5 6 7 |  7.8
Long Blades    | 3 4 5 6 7 8 9 |  9.6
Throwing       | 1 2 3 |  3.7
Fighting       | 4 5 |  5.2
Short Blades   | 1 5 9 |  9.3
Dodging        | 1 2 |  2.6

Action                   |  1- 3 |  4- 6 |  7- 9 | 10-12 || total
-------------------------+-------+-------+-------+-------++-------
Melee: Long sword        |    66 |    88 |    44 |    44 ||   242
       Headbutt          |    12 |    25 |    64 |     9 ||   110
       Short sword       |       |       |   189 |       ||   189
Throw: Javelin           |    40 |    58 |    23 |       ||   121
       Tomahawk          |       |       |     3 |       ||     3
  Use: Scroll            |       |    10 |    10 |     1 ||    21
       Potion            |       |       |     2 |     1 ||     3
  Eat: Ration            |     1 |     1 |     1 |       ||     3
       Chunk             |     1 |     2 |     7 |     1 ||    11
Armor: Scale mail        |    27 |    37 |    11 |       ||    75
       Chain mail        |       |       |    67 |    23 ||    90
       Skin              |       |       |     5 |       ||     5
Dodge: Dodged            |    12 |    22 |    50 |     8 ||    92
Block: Shield            |    27 |    59 |   115 |    23 ||   224
       Rpst.: Long sword |     2 |     4 |     3 |       ||     9
